 Dungeon Crawl Stone Soup version 0.28.0-49-g6dfe1f597d (webtiles) character file.

Game seed: 6053958364277114287

1 Exodus22XD the Sneak (level 1, 0/9 HPs)
             Began as a Spriggan Enchanter on May 15, 2022.
             Slain by a jackal (3 damage)
             ... on level 1 of the Dungeon.
             The game lasted 00:00:40 (363 turns).

Exodus22XD the Sneak (Spriggan Enchanter)            Turns: 363, Time: 00:00:40

Health: 0/9        AC:  2    Str:  4    XL:     1   Next: 16%
Magic:  5/5        EV: 17    Int: 16    God:
Gold:   10         SH:  0    Dex: 15    Spells: 5/5 levels left

rFire   . . .      SeeInvis +   a - +1 dagger
rCold   . . .      Faith    .   (no shield)
rNeg    . . .      Spirit   .   b - +0 robe
rPois   .          Reflect  .   (helmet restricted)
rElec   .          Harm     .   (no cloak)
rCorr   .          Rampage  .   (gloves unavailable)
Will    .....                   (boots unavailable)
Stlth   +++.......              (no amulet)
HPRegen 0.03/turn               (no ring)
MPRegen 0.09/turn               (no ring)

@: very quick
A: very small, no large weapons, unfitting armour, see invisible, speed 3
a: no special abilities


You were on level 1 of the Dungeon.
You visited 1 branch of the dungeon, and saw 1 of its levels.

You collected 10 gold pieces.

Inventory:

Hand Weapons
 a - a +1 dagger (weapon)
Armour
 b - a +0 robe (worn)
Scrolls
 d - a scroll of enchant weapon {unknown}
Potions
 c - a potion of invisibility


   Skills:
 - Level 1.1 Short Blades
 - Level 2.6 Dodging
 + Level 4.6 Stealth
 - Level 2.6 Spellcasting
 - Level 3.6 Hexes


You had 5 spell levels left.
You didn't know any spells.
Your spell library contained the following spells:

 Spells                   Type           Power      Damage    Failure   Level
 Confusing Touch          Hex            13%        N/A       13%         3
 Tukima's Dance           Hex            13%        N/A       13%         3
 Ensorcelled Hibernation  Hex/Ice        14%        N/A       14%         2
 Dazzling Flash           Conj/Hex       14%        N/A       28%         3


Dungeon Overview and Level Annotations

Branches:
Dungeon (1/15)

Altars:


Innate Abilities, Weirdness & Mutations

You are very small and have problems with some larger weapons.
You are too small for most types of armour.
You have supernaturally acute eyesight. (SInv)
You cover ground extremely quickly. (Speed+++)


Message History

HP restored. 3 kobolds come into view. 2 kobolds come into view.
Found a frilled lizard skeleton.
The kobold shouts! x2; You hear an angry hiss.
The kobold shouts!
Found a frilled lizard skeleton.
The kobold shouts!
Something bites the plant.
The plant begins to die.
You hit the kobold but do no damage.
Something bites the bush but does no damage.
The kobold hits you with a +0 club.
Something bites the plant.
You closely miss the kobold. The kobold closely misses you.
The kobold barely misses you.
You closely miss the kobold. The kobold hits you with a +0 dagger.
The kobold closely misses you.
The kobold hits the plant with a +0 club.
The plant begins to die.
The kobold hits the plant with a +0 club.
You are too injured to fight recklessly!
You are too injured to fight recklessly!
The kobold hits the plant with a +0 club.
The kobold throws a stone.
The stone barely misses you.
The kobold throws a stone.
The stone closely misses you.
The kobold throws a stone.
The stone closely misses you. 3 jackals come into view.
The jackal barks!
Found a stone staircase leading down.
The jackal barks!
A bat comes into view.
The jackal closely misses you.
You barely miss the jackal. You barely miss the jackal. The jackal misses you.
You closely miss the jackal. The jackal bites you.
You hit the jackal.
The jackal is heavily wounded.
The jackal closely misses you.
You closely miss the jackal.
The jackal is heavily wounded.
The jackal misses you. The jackal bites you.
You die...

#+#.# ..... ..#.#
...# #...# ...#
#...## ### ...#
#.... ..# ...#
#.#.###.#.# ...#
#...... #.#
...#######..#####.#
#............hhh@.#
#########.#...#####
#.#...# ♣♣ #.#h..#
PP .....># PP
......# .# #......#
÷# #.....b# .#


You could see 3 jackals.

Vanquished Creatures
  A hobgoblin (D:1)
1 creature vanquished.

Vanquished Creatures (others)
  11 plants (D:1)
11 creatures vanquished.

Grand Total: 12 creatures vanquished

Notes
Turn   | Place    | Note
-------+----------+-------------------------------------------
     0 | D:1      | Exodus22XD the Spriggan Enchanter began the quest for the
                  | Orb.
     0 | D:1      | Reached XP level 1. HP: 9/9 MP: 5/5
   363 | D:1      | Slain by a jackal

Illustrated notes

Levels and vault maps discovered:
D:1:      dpeg_arrival_concentric_ovals, layout_basic, lexackson_kobold_supper

Action                   || total
-------------------------++-------
Melee: Dagger            ||    17
Dodge: Dodged            ||    19
